 Dungeon Sprint DCSS version 0.30-a0-177-g1cb5dbfd7a (webtiles) character file.

Game seed: 6561790100438603168

10 mhtbhm the Trooper (level 2, -4/30 HPs)
             Began as a Gargoyle Berserker on Oct 2, 2022.
             Was a Believer of Trog.
             Slain by a merfolk siren
             ... wielding a +0 spear
              (19 damage)
             ... in the Dungeon (Sprint II: "The Violet Keep of Menkaure").
             The game lasted 00:00:17 (139 turns).

mhtbhm the Trooper (Gargoyle Berserker)              Turns: 139, Time: 00:00:17

Health: -4/30      AC:  5    Str: 20    XL:     2   Next: 20%
Magic:  2/2        EV: 12    Int:  7    God:    Trog [**....]
Gold:   243        SH:  0    Dex:  9    Spells: 1/1 levels left

rFire   . . .      SeeInvis .    a - +0 mace
rCold   . . .      Faith    .    (no shield)
rNeg    + . .      Spirit   .    b - +0 animal skin
rPois   ∞          Reflect  .    (no helmet)
rElec   +          Harm     .    (no cloak)
rCorr   .          Rampage  .    (no gloves)
Will    .....      NoTele   +    (no boots)
Stlth   ..........               (no amulet)
HPRegen 0.25/turn                (no ring)
MPRegen 0.08/turn                (no ring)

@: berserking (expiring), very quick
A: sickness immunity, AC +2, negative energy resistance 1, electricity
resistance, torment resistance 1, petrification resistance
a: Renounce Religion, Berserk, Trog's Hand


You were in the Dungeon.
You worshipped Trog.
Trog was pleased with you.
You visited 1 branch You collected 243 gold pieces.

Inventory:

Hand Weapons
 a - a +0 mace (weapon)
Armour
 b - a +0 animal skin (worn)
Scrolls
 h - a scroll of blinking
Potions
 c - a potion of curing
 d - a potion of heal wounds
 e - a potion of haste
 f - 2 potions of magic
 g - a potion of berserk rage


   Skills:
 + Level 4.3 Fighting
 + Level 4.1 Maces & Flails
 + Level 2.5 Armour
 + Level 1.9 Dodging


You had one spell level left.
You didn't know any spells.
Your spell library was empty.

Dungeon Overview and Level Annotations

Branches:
Dungeon (1/1)

Altars:

Annotations:
D exclusion: ice statue


Innate Abilities, Weirdness & Mutations

You are immune to sickness and miasma.
Your stone body is resilient. (AC +2)
You are immune to poison.
You resist negative energy. (rN+)
You are resistant to electric shocks. (rElec)
You are resistant to unholy torment.
You are immune to petrification.


Message History

The worm is almost dead.
You hit the worm.
You kill the worm!
Trog accepts your kill.
You can now call upon Trog for regeneration and willpower.
Your Maces & Flails skill increases to level 4!
You start resting.
HP restored.
There is an open door here.
There is an open door here.
You see here a worm corpse.
There is a staircase leading out of the dungeon here.
You open the door. 2 wyverns come into view.
The wyvern hisses angrily. x2
Unknown command.
You close the door.
There is a staircase leading out of the dungeon here.
You open the door.
A merfolk siren comes into view. It is wielding a +0 spear.
The merfolk siren shouts!
Unknown command.
A red film seems to cover your vision as you go berserk!
You feel yourself moving faster!
You feel mighty!
The merfolk siren hits you from afar with a +0 spear.
You feel a strong urge to attack something.
The merfolk siren closely misses you.
There is an open door here.
You barely miss the merfolk siren.
The merfolk siren hits you with a +0 spear!
You thump the merfolk siren!
The merfolk siren is moderately wounded.
You sock the merfolk siren!
The merfolk siren is heavily wounded.
The merfolk siren hits you with a +0 spear.
You sock the merfolk siren!
The merfolk siren is almost dead.
The merfolk siren hits you with a +0 spear!!
Ouch! That really hurt!
You die...

#~~#+++#+++##
~~~.........#
##'## ##.#.##
#.##..# #
###..#### #.
#†###.##
#l##.##...#
#+.<.@m#
#l##.##...#
#. #+# #.## #
##


You could see a merfolk siren.

Vanquished Creatures
  3 worms (D)
3 creatures vanquished.

Notes
Turn   | Place    | Note
-------+----------+-------------------------------------------
     0 | D        | mhtbhm the Gargoyle Berserker began the quest for the Orb.
     0 | D        | Reached XP level 1. HP: 14/14 MP: 1/1
    14 | D        | Reached XP level 2. HP: 20/20 MP: 2/2
    62 | D        | Noticed an ice statue
    75 | D        | Reached ** piety under Trog
   129 | D        | Noticed a wyvern
   129 | D        | Noticed a wyvern
   133 | D        | Noticed a merfolk siren
   139 | D        | Slain by a merfolk siren

Illustrated notes

Levels and vault maps discovered:
D:        the_violet_keep_of_menkaure [sprint2_stairs_cluster_1,
          sprint2_shoproom, sprint2_temple, sprint2_basic_supplies,
          sprint2_obstacle_5, sprint2_obstacle_4, sprint2_obstacle_2,
          sprint2_obstacle_1, sprint2_obstacle_7, sprint2_timed_cluster_1,
          sprint2_smallroom_cluster_1, sprint2_smallroom_final_cluster_1,
          sprint2_transparent_cluster_1, sprint2_second_timed_cluster_1,
          sprint2_sniper_area_1, sprint2_heavy_combat_area_1,
          sprint2_mutation_trap_area_1, sprint2_forest_area_1,
          sprint2_light_combat_area_1, sprint2_behind_water_1,
          sprint2_near_end_vault_1]

Skill      XL: |  1  2 |
---------------+-------+-----
Fighting       | 4 |  4.3
Maces & Flails | 4 |  4.1
Armour         | |  2.5
Dodging        | |  1.9

Action                   || total
-------------------------++-------
Melee: Mace              ||    23
       Punch             ||     1
Invok: Berserk           ||     2
Armor: Animal skin       ||     2
Dodge: Dodged            ||     6

Table legend: (Time is in decaauts)
 A = Elapsed time spent in this place.
 B = Non-inter-level travel time spent in this place.
 C = Inter-level travel time spent in this place.
 D = Time resting spent in this place.
 E = Time spent auto-exploring this place.
 F = Levels seen in this place.
 G = Mean time per level.
                   A        B        C        D        E       F      G
               +--------+--------+--------+--------+--------+-----+--------+
         Total |    152 |    152 |      0 |     97 |      1 |   1 |  152.0 |
       Dungeon |    152 |    152 |      0 |     97 |      1 |   1 |  152.0 |
               +--------+--------+--------+--------+--------+-----+--------+

Top non-repeatable levels by time:
       D: 152 daAuts
